 Dungeon Crawl Stone Soup version 0.17-a0-1337-ge651487 (webtiles) character file.

714 nuthulu the Conjurer (level 7, -3/50 HPs)
             Began as a Purple Draconian Conjurer on June 10, 2015.
             Slain by a wight
             ... wielding a cursed +2 halberd
              (9 damage)
             ... on level 4 of the Dungeon.
             The game lasted 00:20:30 (5627 turns).

nuthulu the Conjurer (Purple Draconian Conjurer)    Turns: 5627, Time: 00:20:30

Health: -3/50      AC:  8    Str: 11    XL:     7   Next: 41%
Magic:  9/16       EV: 11    Int: 16    God:
Gold:   163        SH:  0    Dex: 12    Spells: 4 memorised, 9 levels left

rFire  . . .     SeeInvis .     f - +4 whip (drain)
rCold  . . .     Clarity  .     (armour unavailable)
rNeg   . . .     SustAt   .     (no shield)
rPois  .         Gourm    .     (helmet restricted)
rElec  .         Spirit   .     (no cloak)
rCorr  +         Warding  .     i - +0 pair of gloves
rMut   .         Stasis   .     l - +0 pair of boots
MR     +....                    r - amulet of resist corrosion
Stlth  +.........               (no ring)
                                (no ring)

@: drained, somewhat resistant to hostile enchantments, very unstealthy
A: breathe power, unfitting armour, cold-blooded, AC +6
a: Breathe Dispelling Energy


You were on level 4 of the Dungeon.
You were not hungry.

You visited 1 branch of the dungeon, and saw 4 of its levels.

You collected 163 gold pieces.

Inventory:

Hand weapons
 f - a +4 whip of draining (weapon)
 s - a +0 blowgun
Missiles
 n - a throwing net (quivered)
Armour
 i - a +0 pair of gloves (worn)
 l - a +0 pair of boots (worn)
Jewellery
 r - an amulet of resist corrosion (around neck)
Magical devices
 k - a wand of magic darts (27)
Scrolls
 o - a scroll of fear
 q - a scroll of remove curse
Potions
 d - a potion of magic
 e - a potion of curing
 g - a potion of invisibility
 h - a potion of might {unknown}
 m - 2 potions of mutation {unknown}
 p - a potion of heal wounds {unknown}
Books
 a - a book of Conjurations

   Spells                             Type                      Level
   a - Magic Dart                     Conjuration                  1
   b - Searing Ray                    Conjuration                  2
   c - Dazzling Spray                 Conjuration/Hexes            3
   d - Fulminant Prism                Conjuration/Hexes            4
   e - Iskenderun's Mystic Blast      Conjuration                  4
   f - Iskenderun's Battlesphere      Conjuration/Charms           5
Comestibles
 b - 3 bread rations
 c - 3 meat rations
 j - 2 slices of pizza


   Skills:
 - Level 1.7(0.8) Dodging
 - Level 1.7(0.8) Stealth
 * Level 6.5(5.4) Spellcasting
 * Level 7.3(6.2) Conjurations


You had 9 spell levels left.
You knew the following spells:

 Your Spells              Type           Power        Failure   Level  Hunger
a - Magic Dart            Conj           ###.         1%          1    None
b - Searing Ray           Conj           ###...       1%          2    #......
c - Dazzling Spray        Conj/Hex       ##......     14%         3    ###....
d - Iskenderun's Mystic   Conj           ###.....     12%         4    ####...


Dungeon Overview and Level Annotations

Branches:
Dungeon (4/15)
 Temple: D:4-7

Altars:
Ashenzari
Xom


Innate Abilities, Weirdness & Mutations

You can breathe bolts of dispelling energy.
Your rich purple scales are hard (AC +6).
Your body does not fit into most forms of armour.
You are cold-blooded and may be slowed by cold attacks.


Message History

The magic dart hits the wight.
The wight is severely damaged.
Casting: Magic Dart
Confirm with . or Enter, or press ? or * to list all spells.
Aiming: Magic Dart
Press: ? - help, Shift-Dir - straight line, f/p - wight
Aim: a wight, wielding an enchanted halberd and wearing a robe (severely damaged)
The magic dart hits the wight.
The wight is severely damaged.
The wight hits you with an enchanted halberd!
* * * LOW HITPOINT WARNING * * *
Casting: Magic Dart
Confirm with . or Enter, or press ? or * to list all spells.
Aiming: Magic Dart
Press: ? - help, Shift-Dir - straight line, f/p - wight
Aim: a wight, wielding an enchanted halberd and wearing a robe (severely damaged)
The magic dart hits the wight.
The wight is severely damaged.
The wight hits you with an enchanted halberd!
You die...

#.#.## ##.......##
##..##.# #.###
#####.....########.##.#
#.#
#.....)[........#.....#
#.#
#.#####.#.#####.#..####
#.# #.#####.#.# #.#......
#.# #.....#.#.###
#.#.#####
#.#####.#....(....# #.#.#
#.........#.....#.# #.#.#
#######.....@...#.###.#.#
#....z..........#.#
#######.###.#####.# #.#
#.......# #.# #########
#.# #.# #.# #.#


You could see a wight.

Vanquished Creatures
  The ghost of nuthulu the Transmogrifier, an average OpTm (D:3)
  A centaur (D:3)
  4 wights (D:4)
  A hound (D:4)
  An orc wizard (D:3)
  A giant frog skeleton (D:4)
  Natasha (thrice) (D:3)
  3 gnolls (D:2)
  An adder (D:2)
  5 oozes
  5 worms
  2 giant geckos
  5 orcs (D:3)
  6 giant cockroaches
  8 goblins
  9 hobgoblins
  9 jackals
  8 kobolds
  2 quokkas
  3 ball pythons
  10 bats
  3 giant newts
  27 rats
118 creatures vanquished.

Notes
Turn   | Place    | Note
--------------------------------------------------------------
     0 | D:1      | nuthulu the Draconian Conjurer began the quest for the Orb.
     0 | D:1      | Reached XP level 1. HP: 14/14 MP: 3/3
   265 | D:1      | Reached XP level 2. HP: 18/20 MP: 1/5
   269 | D:1      | Learned a level 2 spell: Searing Ray
   791 | D:1      | Reached XP level 3. HP: 26/26 MP: 3/6
   796 | D:1      | Learned a level 3 spell: Dazzling Spray
  1590 | D:2      | Reached skill level 5 in Conjurations
  1648 | D:2      | Reached XP level 4. HP: 31/33 MP: 1/8
  2607 | D:3      | Noticed a centaur
  3297 | D:3      | Killed a centaur
  3297 | D:3      | Reached XP level 5. HP: 13/38 MP: 5/10
  3305 | D:3      | Learned a level 4 spell: Iskenderun's Mystic Blast
  3669 | D:3      | Found a shattered altar of Ashenzari.
  3673 | D:3      | Saw a vision of the Swamp and the Spider Nest.
  3673 | D:3      | Noticed a water moccasin
  3673 | D:3      | Noticed a giant frog
  3673 | D:3      | Noticed an alligator
  3673 | D:3      | Noticed a redback
  3674 | D:3      | Noticed a wolf spider
  3675 | D:3      | Noticed a redback
  3770 | D:3      | Noticed Natasha
  3775 | D:3      | Killed Natasha
  3775 | D:3      | Reached skill level 6 in Conjurations
  3919 | D:3      | Noticed nuthulu's ghost (average OpTm)
  3947 | D:3      | Killed nuthulu's ghost
  3947 | D:3      | Reached XP level 6. HP: 18/45 MP: 2/13
  4452 | D:3      | Noticed Natasha
  4456 | D:3      | Killed Natasha
  4471 | D:3      | Found a shimmering altar of Xom.
  4609 | D:3      | Noticed Natasha
  4609 | D:3      | Killed Natasha
  4899 | D:4      | Reached skill level 5 in Spellcasting
  4899 | D:4      | Your scales start taking on a rich purple colour.
  4899 | D:4      | Reached XP level 7. HP: 50/50 MP: 11/15
  5123 | D:4      | Reached skill level 7 in Conjurations
  5627 | D:4      | Slain by a wight

Vault maps used:
D:1:      erik_arrival_orb_chamber
D:2:      first_bread, kennysheep_small_spiral
D:3:      xom_teletrap_fun, minmay_statues_item, st_stairs_11,
          grunt_ashenzari_visionary, uniq_natasha

Action                   |  1- 3 |  4- 6 |  7- 9 || total
-------------------------+-------+-------+-------++-------
Melee: Unarmed           |    27 |       |       ||    27
       Whip              |     6 |    32 |     3 ||    41
 Cast: Magic Dart        |    88 |   162 |    46 ||   296
       Dazzling Spray    |       |     3 |       ||     3
       Searing Ray       |       |     1 |     1 ||     2
 Abil: Breathe Dispellin |       |       |     1 ||     1
  Use: Scroll            |     4 |     3 |       ||     7
       Potion            |       |     1 |     1 ||     2
  Eat: Chunk             |     3 |     6 |       ||     9
       Bread ration      |       |     1 |     1 ||     2
